 Dungeon Crawl Stone Soup version 0.31-a0-187-gba352fbbf7 (webtiles) character file.

Game seed: 12575392171598940866

65 qw the Shooter (level 3, -7/20 HPs)
             Began as a Deep Elf Hunter on June 22, 2023.
             Killed from afar by a charred statue (9 damage)
             ... with a puff of flame
             ... on level 4 of the Dungeon.
             The game lasted 00:00:31 (1345 turns).

qw the Shooter (Deep Elf Hunter)                    Turns: 1345, Time: 00:00:31

Health: -7/20      AC:  3    Str: 10    XL:     3   Next: 92%
Magic:  5/5        EV: 12    Int: 13    God:
Gold:   108        SH:  0    Dex: 18    Spells: 2/2 levels left

rFire   . . .        j - -2 hand crossbow
rCold   . . .        (no shield)
rNeg    . . .        c - +0 leather armour
rPois   .            (no helmet)
rElec   .            (no cloak)
rCorr   .            (no gloves)
SInv    .            (no boots)
Will    .....        (no amulet)
Stlth   ++           (no ring)
HPRegen 0.23/turn    (no ring)
MPRegen 0.09/turn

%: no passive effects
@: about to teleport
A: no striking features
a: no special abilities


You were on level 4 of the Dungeon.
You visited 1 branch of the dungeon, and saw 3 of its levels.

You collected 109 gold pieces.
You spent 1 gold pieces at shops.


   Skills:
 - Level 1.5 Fighting
 + Level 7.4 Ranged Weapons
 - Level 2.4 Dodging
 - Level 1.2 Stealth


You had 2 spell levels left.
You didn't know any spells.
Your spell library was empty.

Inventory:

Hand Weapons
 j - a -2 hand crossbow (weapon)
Armour
 c - a +0 leather armour (worn)
 d - a +0 ring mail
 h - a +0 cloak
Scrolls
 a - a scroll of torment {unknown}
 g - a scroll of identify {unknown}
 i - a scroll of noise {unknown}
 k - a scroll of poison {unknown}
Potions
 b - 3 potions of haste {unknown}
 f - 2 potions of curing {unknown}

Dungeon Overview and Level Annotations

Branches:
Dungeon (4/15)
 Temple: D:4-7

Altars:
Fedhas
Vehumet

Shops:
D:4 *

Annotations:
D:4 exclusion: statue


Message History

The bolt completely misses the charred statue.
A goblin comes into view. It is wielding a +0 dagger.
You shoot a bolt. The goblin shouts!
The bolt hits the charred statue.
The charred statue is lightly damaged.
You shoot a bolt. The bolt closely misses the goblin.
You shoot a bolt.
The bolt hits the charred statue but does no damage.
The charred statue is lightly damaged.
You shoot a bolt.
The bolt hits the charred statue but does no damage.
The charred statue is lightly damaged.
You shoot a bolt. The bolt hits the goblin.
The goblin is heavily wounded.
The goblin closely misses you. x2
You shoot a bolt. The bolt closely misses the goblin.
The goblin misses you.
You shoot a bolt. The bolt hits the goblin!
You kill the goblin!
You shoot a bolt. The bolt hits the charred statue!
The charred statue is severely damaged.
You shoot a bolt.
The bolt hits the charred statue but does no damage.
The charred statue is severely damaged.
The charred statue gestures at you. The puff of flame hits you.
You shoot a bolt.
The bolt barely misses the charred statue.
The charred statue gestures at you. The puff of flame hits you!
1344 ||| UPGRADING to +0 ring mail.
The charred statue gestures at you.
You stop removing your armour.
The puff of flame hits you!
1345 ||| READING scroll of teleportation.
As you read the scroll of teleportation, it crumbles to dust.
You feel strangely unstable. The charred statue gestures at you.
The puff of flame hits you!
You die...

########
###......####
#...........#
#.#########.# #@#
#.# #..)..._.8 #.#
#..#?..... #.#
...#########.######
#....
..............
#....
..........####
..... ...........#
..................#
...........#


You could see a charred statue.

Vanquished Creatures
  An adder (D:2)
  A worm (D:2)
  2 dart slugs (D:1)
  An orc (D:2)
  An endoplasm (D:1)
  3 giant cockroaches
  9 goblins
  5 hobgoblins
  4 jackals (D:1)
  2 kobolds
  2 quokkas (D:1)
  3 ball pythons
  5 bats
  2 frilled lizards
  A rat (D:2)
42 creatures vanquished.

Notes
Turn   | Place    | Note
-------+----------+-------------------------------------------
     0 | D:1      | qw the Deep Elf Hunter began the quest for the Orb.
     0 | D:1      | Reached XP level 1. HP: 12/12 MP: 3/3
     0 | D:1      | 0 ||| qw: Version: 0.3-a-9-g12657ce
     0 | D:1      | 0 ||| qw: Game counter: 2285
     0 | D:1      | 0 ||| qw: Always use a shield: true
     0 | D:1      | 0 ||| qw: God list: Okawaru
     0 | D:1      | 0 ||| qw: Allow faded altars: false
     0 | D:1      | 0 ||| qw: Do Orc after D:15 true
     0 | D:1      | 0 ||| qw: Do second Lair branch before Depths: true
     0 | D:1      | 0 ||| qw: Lair rune preference: random
     0 | D:1      | 0 ||| qw: Plans: Normal
     0 | D:1      | 0 ||| PLANNING D:1-11
    90 | D:1      | Reached XP level 2. HP: 16/16 MP: 4/4
   119 | D:1      | Reached skill level 6 in Ranged Weapons
   683 | D:1      | Reached XP level 3. HP: 20/20 MP: 5/5
   920 | D:1      | 920 ||| READING scroll labelled PIGYUM MENYATIB.
   925 | D:1      | 925 ||| READING 2 scrolls labelled NECARUCEMM.
   926 | D:1      | 926 ||| DROPPING scroll of butterflies.
   927 | D:1      | 927 ||| DROPPING scroll of fear.
  1039 | D:2      | Found a blossoming altar of Fedhas.
  1075 | D:2      | Reached skill level 7 in Ranged Weapons
  1096 | D:2      | 1096 ||| FLEEEEING.
  1097 | D:2      | 1097 ||| FLEEEEING.
  1183 | D:2      | You fall into a shaft and drop 2 floors!
  1183 | D:4      | Found Jivvyhur's Lightly-Used Armoury.
  1190 | D:4      | 1190 ||| BUYING -2 hand crossbow (1 gold).
  1190 | D:4      | Bought a -2 hand crossbow for 1 gold piece
  1190 | D:4      | 1190 ||| SHOPLISTING -2 pearl dragon scales (900 gold, have
                  | 108).
  1190 | D:4      | 1190 ||| SHOPLISTING -3 pearl dragon scales (850 gold, have
                  | 108).
  1190 | D:4      | 1190 ||| SWAPPING to -2 hand crossbow.
  1191 | D:4      | 1191 ||| DROPPING +0 shortbow.
  1332 | D:4      | Found a radiant altar of Vehumet.
  1332 | D:4      | Noticed a charred statue
  1344 | D:4      | 1344 ||| UPGRADING to +0 ring mail.
  1344 | D:4      | HP: 1/20 [charred statue/puff of flame (7)]
  1345 | D:4      | 1345 ||| READING scroll of teleportation.
  1345 | D:4      | Killed from afar by a charred statue

Levels and vault maps discovered:
D:1:      dpeg_arrival_central, layout_basic
D:2:      layout_rooms, basic_altar, uniq_natasha
D:4:      layout_cave_pods, vehumet_statue, minmay_shop_damaged, uniq_sigmund,
          uniq_menkaure

Skill      XL: |  1  2  3 |
---------------+----------+-----
Ranged Weapons | 6 7 |  7.4
Fighting       | |  1.5
Dodging        | |  2.4
Stealth        | |  1.2

Action                     || total
---------------------------++-------
   Fire: Shortbow          ||   105
         Hand crossbow     ||    15
    Use: Scroll            ||     3
 Armour: Leather armour    ||    16
  Dodge: Dodged            ||    29

Table legend:
 A = Non-vault XP
 B = Vault XP
 C = Vault XP percentage of total XP
 D = Non-vault monster count
 E = Vault monster count
 F = Vault count percentage of total count
                 A         B        C        D         E       F
            +---------+---------+-------+---------+---------+-------
      Total |      93 |       0 |   0.0 |      42 |       0 |   0.0
            +---------+---------+-------+---------+---------+-------
        D:1 |      47 |       0 |   0.0 |      24 |       0 |   0.0
        D:2 |      36 |       0 |   0.0 |      13 |       0 |   0.0
        D:4 |      10 |       0 |   0.0 |       5 |       0 |   0.0
            +---------+---------+-------+---------+---------+-------
